[Event "*** Titled Tuesday 3|2 Blitz (Late)"]
[Site "Chess.com"]
[Date "2017.01.03"]
[Round "7"]
[White "Ilja_Semjonovs"]
[Black "Anton_Demchenko"]
[Result "0-1"]
[WhiteElo "2204"]
[BlackElo "2631"]
[TimeControl "180+2"]
[EndTime "18:27:35 PST"]
[Termination "Anton_Demchenko won by resignation"]

1. d4 Nf6 2. Nf3 g6 3. Bg5 Bg7 4. Bxf6 Bxf6 5. e3 d6 6. Bd3 Bg7 7. c3 e5 8. Nbd2 Qe7 9. Qc2 Nc6 10. O-O-O Bd7 11. dxe5 dxe5 12. h4 O-O-O 13. Kb1 f5 14. e4 f4 15. Nb3 Bf6 16. h5 g5 17. Nfd2 g4 18. Nc4 Be6 19. f3 Rhg8 20. Nca5 Nxa5 21. Nxa5 Qc5 22. Qa4 Kb8 23. Nxb7 Qb6 24. Na5 Bd7 25. Qa3 gxf3 26. gxf3 Rg2 27. Nc4 Qb7 28. Bc2 Qb5 29. Qb3 Qxb3 30. Bxb3 Kc8 31. Na5 Be8 32. Be6+ Kb8 33.
Rxd8+ Bxd8 34. Rd1 Bf6 35. Bg4 Rh2 36. Nb3 Bxh5 37.
Bxh5 Rxh5 38. Nc5 Kc8 39. Rg1 Rg5 40. Rh1 h5 41. Ne6 Rg3 42. Rxh5 Rxf3 43. Rf5 Be7 44. Rxe5 Rf1+ 45. Kc2 f3 46. Rf5 f2 47. Nd4 Bh4 48. Rf8+ Kb7 49. Nf3 Rc1+ 50. Kxc1 f1=Q+ 51. Kc2 Qe2+ 52. Kb3 Be7 53. Rf5 Qxe4 54. Rb5+ Kc8 55.
Nd4 Bd6 56. Rf5 a6 57. Rh5 Kb7 58. a3 Qg2 59. Rf5 Qg8+ 60. Kc2 Qh7 61. Kb3 c5 62.
Rd5 Qf7 63. c4 cxd4 64. Rxd6 Qf3+ 65. Kb4 Qe3 66. c5 d3 67. Rd7+ Kc8 68. c6 d2 69.
Ka5 Qc5+ 70. Ka4 Qxc6+ 0-1

[Event "*** Titled Tuesday 3|2 Blitz (Late)"]
[Site "Chess.com"]
[Date "2017.01.03"]
[Round "8"]
[White "severomorskij"]
[Black "rithwik2002"]
[Result "1-0"]
[WhiteElo "2594"]
[BlackElo "1767"]
[TimeControl "180+2"]
[EndTime "18:29:38 PST"]
[Termination "severomorskij won by resignation"]

1. d4 d5 2. c4 e6 3. Nc3 Nf6 4.
cxd5 exd5 5. Bg5 Be7 6. e3 Nbd7 7. Bd3 c6 8. Nf3 O-O 9. h3 Re8 10. Qc2 Nf8 11. O-O g6 12. Bh6 Ne6 13. Ne5 Bf8 14. Bxf8 Rxf8 15. f4 Nd7 1-0

[Event "*** Titled Tuesday 3|2 Blitz (Late)"]
[Site "Chess.com"]
[Date "2017.01.03"]
[Round "8"]
[White "bugsbunny444"]
[Black "Kawhi_Leonard2"]
[Result "1-0"]
[WhiteElo "2335"]
[BlackElo "2200"]
[TimeControl "180+2"]
[EndTime "18:30:14 PST"]
[Termination "bugsbunny444 won by resignation"]

1. Nf3 Nf6 2. c4 e6 3. g3 d5 4. Bg2 Be7 5. O-O O-O 6. b3 c5 7. e3 Nc6 8. Bb2 b6 9. Nc3 Bb7 10. cxd5 exd5 11. d4 Re8 12. Rc1 Rc8 13. Ne5 Bd6 14.
Nxd5 Nxd5 15. Bxd5 Nxe5 16. Bxb7 Rc7 17. dxe5 Bxe5 1-0

[Event "*** Titled Tuesday 3|2 Blitz (Late)"]
[Site "Chess.com"]
[Date "2017.01.03"]
[Round "8"]
[White "pKiLz5Rn9b"]
[Black "macko06"]
[Result "1/2-1/2"]
[WhiteElo "2484"]
[BlackElo "2316"]
[TimeControl "180+2"]
[EndTime "18:32:05 PST"]
[Termination "Game drawn by agreement"]

1. e4 e6 2. g3 d5 3. Bg2 Nc6 4. Ne2 dxe4 5. Bxe4 Nf6 6. Bg2 Be7 7.
d4 e5 8. Be3 Bg4 9. f3 Bf5 10.
O-O exd4 11. Nxd4 Nxd4 12. Bxd4 Bxc2 13. Qxc2 Qxd4+ 14. Kh1 O-O 15. Nd2 c6 16. Rfe1 Bb4 17.
Nb3 Qb6 18. Re2 Rfe8 19. Rd1 Rxe2 20. Qxe2 Re8 21. Qd3 Nd5 1/2-1/2

[Event "*** Titled Tuesday 3|2 Blitz (Late)"]
[Site "Chess.com"]
[Date "2017.01.03"]
[Round "8"]
[White "Andrejkin"]
[Black "beastfromweast"]
[Result "1-0"]
[WhiteElo "2218"]
[BlackElo "2276"]
[TimeControl "180+2"]
[EndTime "18:32:22 PST"]
[Termination "Andrejkin won by resignation"]

1. d4 d5 2. c4 e6 3. Nf3 Be7 4.
g3 Nf6 5. Bg2 O-O 6. O-O Nbd7 7.
Qc2 c6 8. Nbd2 b6 9. e4 dxc4 10. Nxc4 Ba6 11. Rd1 c5 12. Ne3 Qe8 13. d5 exd5 14.
exd5 g6 15. d6 Bd8 16. Re1 Qe4 17. Qxe4 Nxe4 18. Nd2 Nxd2 19. Bxd2 Rb8 20. Nd5 Nf6 21. Ne7+ Kg7 22. Nc6 Ra8 23. Bc3 Bb7 24. Rad1 Rc8 25.
Nxd8 Bxg2 26. d7 Rcxd8 27. Kxg2 Kg8 28. Bxf6 1-0

[Event "*** Titled Tuesday 3|2 Blitz (Late)"]
[Site "Chess.com"]
[Date "2017.01.03"]
[Round "8"]
[White "Abrito99"]
[Black "VerdeNotte"]
[Result "0-1"]
[WhiteElo "2344"]
[BlackElo "2490"]
[TimeControl "180+2"]
[EndTime "18:32:26 PST"]
[Termination "VerdeNotte won by resignation"]

1. e4 c6 2. Nf3 d5 3. Nc3 dxe4 4. Nxe4 Nf6 5. Nxf6+ exf6 6. d4 Bd6 7. Be2 O-O 8. O-O Re8 9. Be3 Nd7 10. h3 Nf8 11. c4 Ng6 12. Qd2 Bf5 13. d5 c5 14.
Bd3 Qd7 15. a3 Bxh3 16. Bxg6 Bxg2 17. Bf4 Bxf3 18. Bxd6 Qh3 0-1

[Event "*** Titled Tuesday 3|2 Blitz (Late)"]
[Site "Chess.com"]
[Date "2017.01.03"]
[Round "8"]
[White "Assasin14"]
[Black "nonscitis"]
[Result "0-1"]
[WhiteElo "2230"]
[BlackElo "2345"]
[TimeControl "180+2"]
[EndTime "18:34:09 PST"]
[Termination "nonscitis won by resignation"]

1. d4 Nf6 2. Bf4 e6 3. e3 b6 4. Nf3 Bb7 5. c4 Bb4+ 6. Nc3 O-O 7. Be2 c5 8. O-O cxd4 9. Nxd4 d5 10. a3 Bxc3 11.
bxc3 dxc4 12. Bxc4 Nd5 13. Bxd5 Qxd5 14. Qg4 e5 15. Bh6 Qxg2+ 16. Qxg2 Bxg2 17. Kxg2 exd4 18. Bf4 dxc3 19. Rac1 Na6 20. Rxc3 Nc5 21. Rfc1 Rfd8 22. R1c2 f6 23. Kf3 Rd7 24. h4 Kf7 25. Rc4 Rad8 26. a4 Nd3 27. Bg3 Ne1+ 28. Ke2 Nxc2 29. Rxc2 Re8 30. a5 bxa5 31. Rc5 a4 32. Ra5 Re4 33. Kf3 Rb4 34. h5 Rdb7 35. Bd6 R4b5 36.
Rxa4 Rxh5 37. Bg3 Rhb5 38. Bd6 g5 39. Kg4 Kg6 40. Kf3 h5 41. Bg3 a5 42. Ra1 h4 43. Bh2 Rf5+ 44. Kg2 Rb2 45. Bg1 g4 46. Ra4 g3 0-1

[Event "*** Titled Tuesday 3|2 Blitz (Late)"]
[Site "Chess.com"]
[Date "2017.01.03"]
[Round "8"]
[White "Tonychess32"]
[Black "jbj"]
[Result "1-0"]
[WhiteElo "2434"]
[BlackElo "2310"]
[TimeControl "180+2"]
[EndTime "18:34:26 PST"]
[Termination "Tonychess32 won by resignation"]

1. e4 d6 2. Nf3 Nf6 3. Nc3 e5 4. d4 Nbd7 5. Bc4 Be7 6. O-O O-O 7. a4 a6 8. Re1 b6 9. h3 Bb7 10. d5 c6 11. dxc6 Bxc6 12. Nd2 Nc5 13. b3 Qd7 14.
Qe2 Qb7 15. Ba3 Rfd8 16. Bxc5 dxc5 17. Nf3 Bd6 18. Rad1 h6 19. Rd2 Bc7 20. Rxd8+ Bxd8 21. Nxe5 Be8 22. Rd1 b5 23. axb5 axb5 24. Nxb5 Nxe4 25. Bd5 Qxb5 26. Qxb5 Bxb5 27. Bxa8 Bf6 28. Bxe4 Bxe5 29. Bd3 Bc6 30. Bc4 Bd4 31. Re1 Kf8 32. Bd3 g6 33. Be4 Bd7 34. Rd1 Be6 35. Rd3 f5 36. Bf3 Ke7 37. c3 Bg7 38. Bd5 Bd7 39. b4 Bb5 40. c4 Bd7 41. bxc5 f4 42. c6 Bc8 43. Ra3 Kd6 44. Ra8 Bf5 45. c7 1-0

[Event "*** Titled Tuesday 3|2 Blitz (Late)"]
[Site "Chess.com"]
[Date "2017.01.03"]
[Round "8"]
[White "AndrBaryshpolets"]
[Black "Ilja_Semjonovs"]
[Result "1-0"]
[WhiteElo "2451"]
[BlackElo "2201"]
[TimeControl "180+2"]
[EndTime "18:34:30 PST"]
[Termination "AndrBaryshpolets won by resignation"]

1. d4 Nf6 2. c4 c5 3. d5 b5 4.
cxb5 a6 5. bxa6 g6 6. Nc3 Bg7 7. e4 O-O 8. Be2 Qa5 9. Bd2 Bxa6 10. e5 Ne8 11. Nf3 d6 12. e6 fxe6 13. Ng5 Bxe2 14. Qxe2 e5 15. h4 h6 16. Ne6 Rf7 17.
Qg4 Kh7 18. h5 g5 19. Ne4 Qb5 20. N6xg5+ hxg5 21.
Nxg5+ Kg8 22. Qe6 Qxb2 23. Qxf7+ Kh8 24. Qxe8+ 1-0

[Event "*** Titled Tuesday 3|2 Blitz (Late)"]
[Site "Chess.com"]
[Date "2017.01.03"]
[Round "8"]
[White "chito89"]
[Black "Alexander_Moskalenko"]
[Result "0-1"]
[WhiteElo "2521"]
[BlackElo "2699"]
[TimeControl "180+2"]
[EndTime "18:34:42 PST"]
[Termination "Alexander_Moskalenko won on time"]

1. e4 c6 2. Nc3 d5 3. Nf3 dxe4 4.
Nxe4 Nf6 5. Nxf6+ exf6 6. d4 Bd6 7. c3 O-O 8. Be2 Bf5 9. O-O Qc7 10. h3 Re8 11. Bd3 Bxd3 12. Qxd3 Nd7 13. Bd2 g6 14. Rfe1 f5 15. Bh6 Nf6 16. a4 Qd7 17. Nd2 Bc7 18. Bg5 Qd6 19. g3 Kg7 20. Nc4 Qd5 21. Bxf6+ Kxf6 22. Rad1 a5 23. Ne3 Qf3 24. d5 Bb6 25. Qe2 Qxe2 26.
Rxe2 Rad8 27. Red2 Bxe3 28. fxe3 Rxd5 29. Rxd5 cxd5 30.
Rxd5 Rxe3 31. Rxa5 Rxg3+ 32. Kh2 Rd3 0-1

[Event "*** Titled Tuesday 3|2 Blitz (Late)"]
[Site "Chess.com"]
[Date "2017.01.03"]
[Round "8"]
[White "Houdinovic"]
[Black "Fh2411"]
[Result "0-1"]
[WhiteElo "2346"]
[BlackElo "2396"]
[TimeControl "180+2"]
[EndTime "18:34:57 PST"]
[Termination "Fh2411 won by resignation"]

1. e4 e5 2. Nf3 Nc6 3. Bc4 Bc5 4. c3 Nf6 5. d3 O-O 6. O-O d5 7. exd5 Nxd5 8. b4 Bb6 9. b5 Na5 10.
Bxd5 Qxd5 11. c4 Qd6 12. Ba3 Bc5 13. Bxc5 Qxc5 14. Qe1 b6 15. Qxe5 Nb7 16. Nc3 Bg4 17. Ne4 Qa3 18. Qxc7 Bxf3 19. gxf3 Rab8 20. Rfd1 Rfc8 21.
Qg3 Nc5 22. Kh1 Rd8 23. d4 Nd3 24. Nf6+ Kh8 25. Nd5 Qb2 26. Rab1 Qxd4 27. f4 Nxf2+ 28. Kg2 Nxd1 0-1

[Event "*** Titled Tuesday 3|2 Blitz (Late)"]
[Site "Chess.com"]
[Date "2017.01.03"]
[Round "8"]
[White "Goala"]
[Black "ChristopherYoo"]
[Result "1-0"]
[WhiteElo "2188"]
[BlackElo "2065"]
[TimeControl "180+2"]
[EndTime "18:35:21 PST"]
[Termination "Goala won by resignation"]

1. d4 Nf6 2. c4 g6 3. Nc3 d5 4.
cxd5 Nxd5 5. e4 Nxc3 6. bxc3 Bg7 7. Be3 c5 8. Qd2 Qa5 9. Rb1 a6 10. Rc1 Nc6 11. d5 Ne5 12. c4 Qa3 13. h3 Nd7 14. f4 Nb6 15. Nf3 Na4 16. e5 Bf5 17. Be2 O-O 18.
O-O Rfb8 19. g4 Be4 20. Ng5 b5 21. Nxe4 bxc4 22. Bxc4 Rb2 23. Qd3 Qb4 24. Bb3 Nb6 25. Bxc5 Qa5 26. Bd4 Rxb3 27. Qxb3 Nxd5 28. Rc5 Qd8 29.
Qxd5 Qe8 30. Qc4 Rd8 31. Be3 e6 32. Rc7 Rd7 33. Rc8 Rd8 34. Rc1 1-0

[Event "*** Titled Tuesday 3|2 Blitz (Late)"]
[Site "Chess.com"]
[Date "2017.01.03"]
[Round "8"]
[White "Anton_Demchenko"]
[Black "sandromareco"]
[Result "1-0"]
[WhiteElo "2635"]
[BlackElo "2425"]
[TimeControl "180+2"]
[EndTime "18:35:22 PST"]
[Termination "Anton_Demchenko won by resignation"]

1. e4 c5 2. Nf3 d6 3. d4 cxd4 4.
Nxd4 Nf6 5. Nc3 a6 6. f3 e5 7. Nb3 Be6 8. Be3 h5 9. Qd2 Nbd7 10. O-O-O Rc8 11. Kb1 Be7 12. Bg5 b5 13. a3 Nb6 14.
Bxf6 gxf6 15. Na5 Qc7 16. f4 f5 17. fxe5 dxe5 18. exf5 Bxf5 19. Bd3 Be6 20. Rhf1 b4 21.
Ne4 Nd5 22. Bc4 Rd8 23. axb4 Bxb4 24. Qg5 Qxa5 25. Bxd5 Rxd5 26. Rxd5 Bxd5 27. Qxe5+ Kd7 28.
Nf6+ Kc6 29. Nxd5 1-0

[Event "*** Titled Tuesday 3|2 Blitz (Late)"]
[Site "Chess.com"]
[Date "2017.01.03"]
[Round "8"]
[White "Shivagami"]
[Black "Rating-Schmating"]
[Result "0-1"]
[WhiteElo "1999"]
[BlackElo "2249"]
[TimeControl "180+2"]
[EndTime "18:35:24 PST"]
[Termination "Rating-Schmating won by resignation"]

1. d4 Nf6 2. Bf4 d5 3. e3 Bf5 4. Nf3 e6 5. c4 c6 6. Nc3 Bd6 7.
Ne5 Ne4 8. f3 Nxc3 9. bxc3 f6 10.
Nd3 Bxd3 11. Bxd3 Bxf4 12. exf4 Qc7 13. Qd2 Nd7 14. Qe3 Qd6 15. O-O O-O 16. Rfe1 Rae8 17. c5 Qb8 18. Bc2 e5 19. Qd3 g6 20. fxe5 fxe5 21.
Kf2 Kg7 22. Re2 exd4 23. Qxd4+ Nf6 24. Rae1 Rxe2+ 25. Rxe2 Rf7 26. g3 b6 27. cxb6 Qxb6 28. Qxb6 axb6 29. Re6 Rc7 30. Ba4 c5 31. Rxb6 Ra7 32.
Bb3 c4 33. Bd1 Rxa2+ 34. Ke1 Rxh2 35. Rb7+ Kh6 36. Rb6 Nd7 37. Rd6 Ne5 38. Rxd5 Nd3+ 39. Kf1 Rd2 40. Ba4 Rf2+ 41. Kg1 Rxf3 42. Kg2 Rf2+ 43. Kh3 Ra2 44. Bb5 Nf2+ 45. Kh4 Ra1 46. g4 Rh1+ 47. Kg3 Ne4+ 48. Kg2 Rc1 49. Bxc4 Rxc3 50. Rd7 Rxc4 51. Kf3 Ng5+ 52. Kg3 Rc3+ 53. Kf4 Rf3+ 54. Ke5 Rf1 55. Rd4 Nf3+ 0-1

[Event "*** Titled Tuesday 3|2 Blitz (Late)"]
[Site "Chess.com"]
[Date "2017.01.03"]
[Round "8"]
[White "amurdercastle"]
[Black "FLchessplayer"]
[Result "1-0"]
[WhiteElo "2344"]
[BlackElo "2102"]
[TimeControl "180+2"]
[EndTime "18:35:30 PST"]
[Termination "amurdercastle won by resignation"]

1. d4 d5 2. c4 e6 3. Nf3 Nf6 4.
g3 c5 5. cxd5 Nxd5 6. Bg2 Nc6 7.
O-O Nf6 8. e3 h6 9. Nc3 Be7 10. a3 O-O 11. dxc5 Bxc5 12. Qc2 Bb6 13. b4 a6 14. Bb2 Qe7 15. Rac1 Bd7 16. Rfd1 Rfc8 17. Qb1 Be8 18. Qa1 a5 19. b5 Nb8 20.
a4 Nbd7 21. Nd2 Nc5 22. Bf1 e5 23. Qa2 Bd7 24. Bc4 Be6 25. Ne2 Bxc4 26. Nxc4 Bc7 27. b6 Bb8 28. Ba3 Nfd7 29. Nc3 Qe8 30. Nd5 Nxa4 31.
Ne7+ Kh8 32. Nxc8 Qxc8 33. Nxe5 Qxc1 34. Nxf7+ Kh7 35. Rxc1 Ndxb6 36. Bd6 Bxd6 37. Nxd6 Rf8 38. Nc4 Nxc4 39. Qxc4 b6 40. Rb1 b5 41. Rxb5 Kh8 42. Qxa4 1-0

[Event "*** Titled Tuesday 3|2 Blitz (Late)"]
[Site "Chess.com"]
[Date "2017.01.03"]
[Round "8"]
[White "boredoldman"]
[Black "Cruel_Yaro"]
[Result "0-1"]
[WhiteElo "2528"]
[BlackElo "2615"]
[TimeControl "180+2"]
[EndTime "18:35:36 PST"]
[Termination "Cruel_Yaro won by resignation"]

1. e4 c5 2. b4 cxb4 3. a3 b3 4.
cxb3 d5 5. exd5 Nf6 6. Bb2 Nxd5 7.
Nf3 Nc6 8. Bb5 a6 9. Bxc6+ bxc6 10.
O-O Bf5 11. Nc3 Nf4 12. Ne5 Nd3 13. Qf3 Nxe5 14. Qxf5 Nd3 15. Bc1 e6 16. Qe4 Rc8 17. a4 Bc5 18. Ba3 Bxa3 19. Rxa3 O-O 20. b4 Qd7 21. Rb1 Rfd8 22. Qe3 Qd6 23. Rab3 f5 24. b5 axb5 25. axb5 f4 26. Qf3 cxb5 27. Nxb5 Qd7 28.
Nc3 Nc5 29. Rb6 Qxd2 30. R6b2 Qd3 31. Qxd3 Nxd3 32. Rb3 Nc5 33. Rb4 e5 34. Ne4 Nd3 35. Rb7 h6 36. f3 Rc2 37. Re7 Ra8 38. h4 Raa2 39. Rb8+ Kh7 40. Kh2 Rxg2+ 41. Kh3 Rg1 42. Rb3 Nf2+ 43. Nxf2 Rxf2 44. h5 Rg3+ 0-1

[Event "*** Titled Tuesday 3|2 Blitz (Late)"]
[Site "Chess.com"]
[Date "2017.01.03"]
[Round "8"]
[White "norwaytoadog"]
[Black "LazarusIcarus"]
[Result "1/2-1/2"]
[WhiteElo "1969"]
[BlackElo "2115"]
[TimeControl "180+2"]
[EndTime "18:35:58 PST"]
[Termination "Game drawn by repetition"]

1. e4 e5 2. Nf3 Nc6 3. Nc3 Nf6 4. Bb5 Bd6 5. O-O a6 6. Ba4 b5 7. Bb3 Bb7 8. Re1 O-O 9. d3 h6 10. Ne2 Re8 11. a3 Bf8 12. Ng3 d5 13. exd5 Nxd5 14. Bd2 Nd4 15. Nxd4 exd4 16. Qh5 g6 17. Qg4 Bg7 18. Rxe8+ Qxe8 19. Re1 Qc6 20. Ne4 Re8 21. Qh3 f5 22. Bxh6 fxe4 23. dxe4 Bc8 24. Qh4 Bf5 25. f3 Bxh6 26. Bxd5+ Qxd5 27. exd5 Be3+ 28. Kf1 Bxc2 29. g4 d3 30. Qf6 d2 31. Rd1 Bxd1 32.
Qxg6+ Kf8 33. Qf6+ Kg8 34. Qg6+ Kf8 35. Qf6+ Kg8 36. Qg6+ Kf8 37. Qf6+ Kg8 38. Qg6+ Kf8 1/2-1/2

[Event "*** Titled Tuesday 3|2 Blitz (Late)"]
[Site "Chess.com"]
[Date "2017.01.03"]
[Round "8"]
[White "MFBerna"]
[Black "QuintilianoR"]
[Result "1-0"]
[WhiteElo "2240"]
[BlackElo "2497"]
[TimeControl "180+2"]
[EndTime "18:36:15 PST"]
[Termination "MFBerna won by resignation"]

1. e4 c5 2. Nf3 d6 3. d4 cxd4 4.
Qxd4 a6 5. c4 Nc6 6. Qd2 g6 7.
Nc3 Bh6 8. Qd1 Bg7 9. Be3 Bg4 10.
Be2 Bxf3 11. Bxf3 Nf6 12. Qd2 O-O 13. Be2 Nd7 14. Rc1 Nc5 15. f3 Qa5 16. O-O Rfc8 17. b3 Ne6 18. Rfd1 Rab8 19. Nd5 Qxd2 20. Rxd2 Kf8 21. Rcd1 b5 22. cxb5 axb5 23. Nb6 Rc7 24. Bxb5 Ned4 25. Bxc6 Rxb6 26. Bxd4 Bxd4+ 27. Rxd4 Rcxc6 28. R1d2 g5 29. Rd5 h6 30. h4 f6 31. Kh2 Kf7 32. Kg3 Rc1 33. Rb2 e6 34. Rd3 Kg6 35. hxg5 hxg5 36. a4 Rb4 37. Rxd6 Rc3 38. Rxe6 Rcxb3 39. Rxb3 Rxb3 40. e5 Kf5 41. Rxf6+ Kxe5 42. Ra6 Ra3 43. Ra5+ Kf6 44. Kg4 Ra2 45. g3 Ra3 46. Ra6+ Kg7 47. Ra5 Kf6 48. Rf5+ Ke6 49. a5 1-0

[Event "*** Titled Tuesday 3|2 Blitz (Late)"]
[Site "Chess.com"]
[Date "2017.01.03"]
[Round "8"]
[White "calemcc"]
[Black "MattyDPerrine"]
[Result "1-0"]
[WhiteElo "2231"]
[BlackElo "2229"]
[TimeControl "180+2"]
[EndTime "18:36:21 PST"]
[Termination "calemcc won on time"]

1. d4 Nf6 2. c4 c5 3. Nf3 cxd4 4.
Nxd4 Qc7 5. e3 a6 6. Be2 e6 7.
O-O Be7 8. Nc3 O-O 9. b3 d5 10.
Bb2 dxc4 11. Bxc4 b5 12. Be2 Bb7 13. Rc1 Qb6 14. Bf3 Nbd7 15. Qe2 Rac8 16. Rfd1 Ne5 17. Bxb7 Qxb7 18. h3 Rfd8 19. Qe1 Nfd7 20. Nce2 Rxc1 21. Nxc1 Qe4 22. Qc3 Bf6 23. Qc7 Qa8 24. Nd3 Rc8 25. Qd6 Nxd3 26. Rxd3 Nc5 27. Rd1 Ne4 28. Qa3 Qb7 29. b4 Nd6 30. Qd3 Nc4 31. Ba1 Rd8 32. Qc2 Be7 33. Bc3 Qd5 34. Rc1 Rc8 35. Qb3 Nb6 36.
Qb2 Na4 37. Qd2 Rc4 38. a3 Nxc3 39. Rxc3 Bf6 40. Rd3 Qa8 41. Nb3 g6 42. Nc5 a5 43.
Rd7 axb4 44. axb4 Qc6 45. Rb7 Bc3 46. Rb8+ Kg7 47. Qd8 1-0

[Event "*** Titled Tuesday 3|2 Blitz (Late)"]
[Site "Chess.com"]
[Date "2017.01.03"]
[Round "8"]
[White "Caminator2000"]
[Black "DuleMudule"]
[Result "1-0"]
[WhiteElo "2246"]
[BlackElo "2511"]
[TimeControl "180+2"]
[EndTime "18:36:24 PST"]
[Termination "Caminator2000 won by checkmate"]

1. c4 e5 2. Nc3 Nc6 3. Nf3 g6 4.
d4 exd4 5. Nxd4 Bg7 6. Nxc6 dxc6 7. Qxd8+ Kxd8 8. Bg5+ Ke8 9. Bf4 Be6 10. e4 Rc8 11. f3 Ne7 12. h4 h6 13. Be2 f5 14. O-O-O Kf7 15. g4 fxg4 16. fxg4 Rhf8 17. Bg3 Kg8 18. g5 h5 19. c5 b5 20. Rhf1 Rxf1 21. Bxf1 Kf7 22.
Kc2 a5 23. Ne2 Bxa2 24. Bh3 Re8 25. Bd7 Ra8 26. Nc1 Bc4 27. b3 Bxb3+ 28. Kxb3 a4+ 29.
Ka3 Bc3 30. Na2 Ba5 31. Rf1+ Kg8 32. Be6+ Kh8 33. Be5+ Kh7 34. Rf7+ Kg8 35. Rxe7+ Kf8 36.
Rf7+ Ke8 37. Rh7 Rd8 38. Rh8+ Ke7 39. Bf6+ Kxe6 40. Rxd8 b4+ 41. Nxb4 Bxb4+ 42. Kxb4 a3 43. Re8+ Kd7 44. Re7+ Kc8 45. Kxa3 Kb7 46. Rg7 Ka6 47. Kb4 Kb7 48. Rxg6 Ka6 49. Rh6 Kb7 50. Rxh5 Ka6 51. g6 Kb7 52. g7 Ka6 53. g8=Q Kb7 54. Rh8 Ka7 55. Qa8# 1-0

[Event "*** Titled Tuesday 3|2 Blitz (Late)"]
[Site "Chess.com"]
[Date "2017.01.03"]
[Round "8"]
[White "eltenedor"]
[Black "andresgv36"]
[Result "0-1"]
[WhiteElo "2021"]
[BlackElo "2291"]
[TimeControl "180+2"]
[EndTime "18:36:26 PST"]
[Termination "andresgv36 won on time"]

1. c4 c5 2. b3 Nf6 3. Bb2 d5 4.
cxd5 Nxd5 5. g3 Nc6 6. Bg2 e5 7. d3 Be6 8. Nf3 f6 9. O-O Be7 10. Nbd2 O-O 11. Rc1 Nd4 12. Nc4 b5 13. Ne3 a5 14.
Nd2 Rc8 15. Nc2 Qd7 16. Re1 Rfd8 17. Nf1 Nb4 18. Nxb4 axb4 19. Qd2 Ra8 20. Ra1 Ra6 21. Ne3 Qa7 22. Bxd4 exd4 23. Nc2 Rxa2 24. Rxa2 Qxa2 25. Ra1 Qxb3 26. Bc6 Rb8 27. Ra7 Bf8 28. Kg2 Bd5+ 29. Bxd5+ Qxd5+ 30. f3 Ra8 31. Rxa8 Qxa8 32. Qf4 Qe8 33.
Kf1 Qe5 34. Qg4 f5 35. Qg5 Be7 36. Qc1 Qe6 37. Qb2 h6 38. Na1 Kh7 39. Nb3 Qd5 40.
Nd2 Bg5 41. Nb3 Be3 42. Kg2 c4 43. dxc4 bxc4 44. Na1 b3 0-1

[Event "*** Titled Tuesday 3|2 Blitz (Late)"]
[Site "Chess.com"]
[Date "2017.01.03"]
[Round "8"]
[White "Buffy7"]
[Black "Kacparov"]
[Result "0-1"]
[WhiteElo "2503"]
[BlackElo "2599"]
[TimeControl "180+2"]
[EndTime "18:36:52 PST"]
[Termination "Kacparov won by resignation"]

1. Nf3 d6 2. g3 g6 3. Bg2 Bg7 4.
O-O e5 5. d3 f5 6. c4 Nf6 7. Nc3 O-O 8. Rb1 a5 9. a3 Nc6 10. b4 h6 11. c5 axb4 12. axb4 dxc5 13. b5 Nd4 14. Nxe5 Kh7 15. e3 Ne6 16. Nc4 Ng4 17.
Qc2 Rb8 18. b6 c6 19. Na4 Qe7 20. Ba3 Ra8 21. d4 Rd8 22. Nxc5 Nxc5 23. Bxc5 Qe6 24. Ra1 Rxa1 25. Rxa1 Bd7 26. Ra7 Bc8 27. Qa2 Nf6 28.
Ne5 Nd5 29. Bxd5 Rxd5 30. Nd3 Qe8 31. Ra8 Rd8 32. Nb4 g5 33. Qc2 Be6 34. Rxd8 Qxd8 35.
e4 Qd7 36. e5 h5 37. Qe2 Kg6 38.
Qe3 Bh6 39. Qa3 Qc8 40. Kg2 h4 41. Qa1 g4 42. Kf1 h3 43. Ke1 Bf7 44. Qa7 f4 45.
Nd3 fxg3 46. hxg3 Qf5 47. Ke2 Qf3+ 48. Ke1 Qxd3 0-1

[Event "*** Titled Tuesday 3|2 Blitz (Late)"]
[Site "Chess.com"]
[Date "2017.01.03"]
[Round "8"]
[White "MaestroASK"]
[Black "Hikaru"]
[Result "0-1"]
[WhiteElo "2492"]
[BlackElo "2837"]
[TimeControl "180+2"]
[EndTime "18:36:55 PST"]
[Termination "Hikaru won by resignation"]

1. g3 d5 2. d3 g6 3. e4 dxe4 4. dxe4 Qxd1+ 5. Kxd1 Nf6 6. f3 Nfd7 7. Nd2 f5 8. Nh3 Nc5 9. Nf2 Bg7 10. a4 Be6 11. Nd3 Nba6 12. Nf4 Bf7 13. exf5 gxf5 14. Nd3 O-O-O 15.
Ke1 Rd4 16. Nxc5 Nxc5 17. a5 Rhd8 18. Ra3 Bh6 19. f4 e5 20. Be2 exf4 21. Nf3 Re4 22. Kf2 fxg3+ 23. hxg3 Bxc1 24. Rxc1 Rb4 25. b3 Ne4+ 26.
Kg2 Rg8 27. a6 b6 28. Ne5 Nxg3 29. Bf3 Ne4+ 30. Kf1 Nd2+ 31. Kf2 Nxf3 32. Nxf7 Nd4 33. Ra2 Nc6 34. Rh1 Rf4+ 35. Ke3 Re4+ 36. Kd2 Nb4 37. Rb2 Rg7 38. Nh6 Rg2+ 39. Kc1 Rf4 40. Kb1 Rh4 41. Re1 Rxh6 42. Ka1 Nxc2+ 0-1

[Event "*** Titled Tuesday 3|2 Blitz (Late)"]
[Site "Chess.com"]
[Date "2017.01.03"]
[Round "8"]
[White "Ksenia_Legenko"]
[Black "nickmatta"]
[Result "0-1"]
[WhiteElo "2035"]
[BlackElo "2298"]
[TimeControl "180+2"]
[EndTime "18:37:02 PST"]
[Termination "nickmatta won by checkmate"]

1. d4 Nf6 2. c4 g6 3. Nc3 d5 4. Qa4+ c6 5. cxd5 Nxd5 6. e4 Nxc3 7.
bxc3 Bg7 8. Nf3 O-O 9. Be2 c5 10. Be3 Nc6 11. O-O Bg4 12. Rfd1 Bxf3 13. Bxf3 cxd4 14. cxd4 Qc7 15. Rac1 Qa5 16. Qxa5 Nxa5 17. Rc7 e6 18. Rdc1 Rfd8 19. e5 Rab8 20. h3 Kf8 21. Bg5 Re8 22. R1c5 b6 23. Rc3 a6 24. Ra7 h6 25. Bd2 Re7 26. Rxa6 Rd7 27. Be3 Kg8 28. Rc1 h5 29. Be2 Bf8 30. Bb5 Rdd8 31. Ra7 Rb7 32.
Rxb7 Nxb7 33. Rc7 Na5 34. Ra7 Bb4 35. Kh2 Bc3 36. d5 exd5 37. Bxb6 Bxe5+ 38. g3 Rb8 39. Bxa5 Rxb5 40. Ra8+ Kg7 41. a4 Rb2 42. Kg2 Bd4 43. Bc7 Rxf2+ 44. Kh1 Rc2 45. Bd6 Rc1+ 46. Kg2 Rc2+ 47. Kf3 Rf2# 0-1

[Event "*** Titled Tuesday 3|2 Blitz (Late)"]
[Site "Chess.com"]
[Date "2017.01.03"]
[Round "8"]
[White "HouseOfDurin"]
[Black "stalyansky"]
[Result "0-1"]
[WhiteElo "1864"]
[BlackElo "1125"]
[TimeControl "180+2"]
[EndTime "18:37:12 PST"]
[Termination "stalyansky won by resignation"]

1. d4 d5 2. c4 c6 3. Nc3 Nf6 4.
Nf3 e6 5. Bf4 Nbd7 6. e3 Be7 7. c5 Nh5 8. Bg3 Nxg3 9. hxg3 Bf6 10. e4 g6 11. e5 Bg7 12. g4 f6 13. exf6 Qxf6 14. g5 Qf4 15. Rh4 Qf7 16. Qe2 O-O 17.
O-O-O e5 18. Nxe5 Nxe5 19. dxe5 Qxf2 20. Qxf2 Rxf2 21. Re1 Be6 22. g3 Bf8 23. b4 Be7 24. Rd4 Bxg5+ 25. Kb1 Bd2 26. Rxd2 Rxd2 27. Be2 d4 28. Nd1 Rxa2 29. Nb2 Ra3 30. Bc4 Bxc4 31.
Nxc4 Rb3+ 32. Kc2 Rxb4 33. Kd3 Rxc4 34. Kxc4 Rd8 35. Kd3 Kf7 36. Rh1 h5 37. Rb1 Rd7 38. Ra1 a6 39. Re1 Ke6 40. Re4 Rd5 41. Rf4 Kxe5 42. Rf8 Rxc5 43. Re8+ Kd5 44. Rd8+ Ke5 45. Rxd4 Rd5 46. Rxd5+ Kxd5 47. Ke3 b5 48. Kf4 b4 49. Ke3 Kc4 50. Kd2 b3 51. Kc1 g5 52. Kb2 h4 53.
gxh4 gxh4 0-1

[Event "*** Titled Tuesday 3|2 Blitz (Late)"]
[Site "Chess.com"]
[Date "2017.01.03"]
[Round "8"]
[White "AllStarShark"]
[Black "chesstatour"]
[Result "1-0"]
[WhiteElo "2212"]
[BlackElo "1797"]
[TimeControl "180+2"]
[EndTime "18:37:36 PST"]
[Termination "AllStarShark won by checkmate"]

1. d4 f5 2. Bg5 g6 3. Nc3 Bg7 4.
h4 Nf6 5. h5 Ne4 6. Nxe4 fxe4 7. hxg6 hxg6 8. Rxh8+ Bxh8 9. c3 d5 10. e3 c6 11. Ne2 Qb6 12. Qc2 Bf5 13. Ng3 e6 14.
Be2 Nd7 15. O-O-O Bf6 16. Bxf6 Nxf6 17. Rh1 O-O-O 18. Nxf5 exf5 19. g3 Rd7 20. Qd1 Rh7 21. Rxh7 Nxh7 22. Qh1 Qc7 23. Qh6 Qf7 24. b3 Nf6 25.
Kd2 Kc7 26. Qh8 a6 27. c4 Ng4 28. cxd5 cxd5 29. Bxg4 fxg4 30. Qe5+ Kc6 31. Ke1 Qf5 32. Qe8+ Kb6 33. Qe7 Ka7 34. Qc5+ Kb8 35. Qd6+ Kc8 36. b4 Qf3 37. Qxd5 Qh1+ 38. Kd2 Qf3 39. Qc4+ Kb8 40.
Qe2 Qf5 41. Kc3 Qf7 42. Kb2 Qf5 43. Qc2 Qf3 44. Qd2 Qf5 45. d5 Kc8 46. d6 Kd7 47. a3 Qf6+ 48. Kb3 Qe6+ 49. Kc3 Qf6+ 50. Qd4 Qxf2 51. Qxe4 Qxg3 52. Qe7+ Kc6 53. d7 Qe1+ 54. Kc2 Qe2+ 55. Kc3 Qe1+ 56. Kd4 Qd1+ 57. Ke4 Qxd7 58. Qc5# 1-0